 Dungeon Crawl Stone Soup version 0.19-a0-1065-gdac414d (webtiles) character file.

179 Elitist the Gusty (level 5, -3/31 HPs)
             Began as a High Elf Air Elementalist on Aug 3, 2016.
             Slain by a goblin
             ... wielding a +1 dagger of electrocution
             ... led by Robin
              (9 damage)
             ... on level 3 of the Dungeon.
             The game lasted 00:16:09 (3903 turns).

Elitist the Gusty (High Elf Air Elementalist)       Turns: 3903, Time: 00:16:11

Health: -3/31      AC:  4    Str:  7    XL:     5   Next: 32%
Magic:  8/11       EV: 13    Int: 20    God:
Gold:   194        SH:  0    Dex: 15    Spells: 4 memorised, 3 levels left

rFire  . . .     SeeInvis .     (no weapon)
rCold  . . .     Gourm    .     a - +0 robe
rNeg   . . .     Faith    .     (no shield)
rPois  .         Spirit   .     (no helmet)
rElec  .         Dismiss  .     i - +0 cloak
rCorr  .         Reflect  .     e - +0 pair of gloves
SustAt .         Harm     .     (no boots)
MR     .....                    p - amulet of regeneration
Stlth  +.........               (no ring)
                                (no ring)

@: confused, very slightly contaminated
A: no striking features
a: no special abilities


You were on level 3 of the Dungeon.
You were not hungry.

You visited 1 branch of the dungeon, and saw 3 of its levels.

You collected 194 gold pieces.

Inventory:

Hand Weapons
 o - a +0 dagger of flaming
 t - a cursed -2 dagger
Missiles
 n - 2 tomahawks (quivered)
Armour
 a - a +0 robe (worn)
 e - a +0 pair of gloves (worn)
 i - a +0 cloak (worn)
Jewellery
 p - an amulet of regeneration (around neck)
Scrolls
 f - a scroll of random uselessness
 g - 2 scrolls of identify
 r - a scroll of enchant weapon {unknown}
Potions
 k - a potion of haste {unknown}
 q - a potion of mutation {unknown}
Books
 b - a book of Air

   Spells                             Type                      Level
   a - Shock                          Conjuration/Air              1
   b - Swiftness                      Charms/Air                   2
   c - Repel Missiles                 Charms/Air                   2
   d - Static Discharge               Conjuration/Air              3
   e - Lightning Bolt                 Conjuration/Air              5
Comestibles
 c - 4 bread rations
 d - a fruit
 h - 8 chunks of flesh
 j - a royal jelly
 m - a meat ration
 s - a beef jerky


   Skills:
 - Level 2.1 Dodging
 - Level 2.1 Stealth
 + Level 3.5 Spellcasting
 + Level 2.6 Conjurations
 + Level 1.9 Charms
 * Level 5.6 Air Magic


You had 3 spell levels left.
You knew the following spells:

 Your Spells              Type           Power        Failure   Level  Hunger
a - Shock                 Conj/Air       ###.         2%          1    None
b - Repel Missiles        Chrm/Air       ###...       4%          2    ##.....
c - Swiftness             Chrm/Air       ###.....     4%          2    ##.....
d - Static Discharge      Conj/Air       ###.....     10%         3    ###....


Dungeon Overview and Level Annotations

Branches:
Dungeon (3/15)

Altars:
Dithmenos
Makhleb
The Shining One

Annotations:
D:3 Robin


Message History

The goblin hits you with a dagger of electrocution.
* * * LOW HITPOINT WARNING * * *
Casting: Swiftness
Confirm with . or Enter, or press ? or * to list all spells.
You miscast Repel Missiles.
You are blasted with air!
The goblin shouts!
Robin throws the goblin at you!
The goblin hits you with a dagger of electrocution.
* * * LOW HITPOINT WARNING * * *
Okay, then.
Okay, then.
Quiver which item? (- for none, * to show all) (? for menu, Esc to quit)
Okay, then.
It was a potion of ambrosia.
You are confused.
You feel invigorated.
The goblin hits you with a dagger of electrocution.
* * * LOW HITPOINT WARNING * * *
You are electrocuted!
You die...

..............####.......#...#
...........(..# #.......#...#
..............# #########...#
..............#### #...####
.................# #.......
..............##.# #...####
..............##.# #####
..............##g#
.........)>....#@#
...............#g#
.....(.........#.#
..[............#.#
.....(..<......#.# .
..........)....#.####...
.............g..g.....).
............gg#.........
......................##


You could see Robin and 2 goblins.

Vanquished Creatures
  Natasha (thrice) (D:3)
  3 adders (D:2)
  3 worms
  3 giant geckos
  An orc (D:3)
  2 bats
  3 giant cockroaches
  13 goblins
  9 hobgoblins
  5 jackals
  3 quokkas
  2 ball pythons
  4 giant newts
  2 kobolds
  7 rats
63 creatures vanquished.

Notes
Turn   | Place    | Note
-------+----------+-------------------------------------------
     0 | D:1      | Elitist the High Elf Air Elementalist began the quest for the Orb.
     0 | D:1      | Reached XP level 1. HP: 11/11 MP: 4/4
   286 | D:1      | Reached skill level 4 in Air Magic
   297 | D:1      | Reached XP level 2. HP: 17/17 MP: 1/6
   476 | D:1      | Learned a level 2 spell: Repel Missiles
   479 | D:1      | Learned a level 2 spell: Swiftness
  1185 | D:2      | Reached XP level 3. HP: 21/21 MP: 6/8
  1311 | D:2      | Found a glowing golden altar of the Shining One.
  1312 | D:2      | Found a shadowy altar of Dithmenos.
  1314 | D:2      | Found a burning altar of Makhleb.
  1923 | D:2      | Reached skill level 1 in Charms
  2123 | D:2      | Learned a level 3 spell: Static Discharge
  2158 | D:2      | Reached XP level 4. HP: 12/27 MP: 0/9
  2422 | D:3      | Noticed Natasha
  2442 | D:3      | Killed Natasha
  2442 | D:3      | Reached skill level 5 in Air Magic
  2762 | D:3      | Noticed Natasha
  2766 | D:3      | Killed Natasha
  2872 | D:3      | Noticed Natasha
  3030 | D:3      | Killed Natasha
  3030 | D:3      | Reached XP level 5. HP: 9/31 MP: 1/11
  3305 | D:3      | Noticed Robin
  3903 | D:3      | Slain by a goblin

Vault maps used:
D:1:      onia_arrival_mini_maze
D:2:      grunt_temple_overflow_open, kennysheep_generic_room_8
D:3:      first_bread, uniq_natasha, uniq_robin

Skill      XL: |  1  2  3  4 |
---------------+-------------+-----
Air Magic      | 4 5 |  5.6
Spellcasting   | 3 |  3.5
Conjurations   | 2 |  2.6
Charms         | 1 |  1.9
Dodging        | |  2.1
Stealth        | |  2.1

Action                   |  1- 3 |  4- 6 || total
-------------------------+-------+-------++-------
Melee: Unarmed           |     1 |    38 ||    39
 Cast: Shock             |    81 |    68 ||   149
       Static Discharge  |     1 |     3 ||     4
       Swiftness         |     1 |     1 ||     2
       Repel Missiles    |     1 |       ||     1
  Use: Potion            |     2 |     3 ||     5
       Scroll            |       |     2 ||     2
  Eat: Chunk             |     4 |     6 ||    10
Armor: Robe              |     7 |    14 ||    21
       Skin              |     6 |     8 ||    14
Dodge: Dodged            |    20 |    26 ||    46
       Deflected         |       |     1 ||     1
